 Dungeon Crawl Stone Soup version 0.31.0-12-g77e489cdc1 (webtiles) character file.

Game seed: 843247135410088603

566 spaghetti the Trooper (level 7, -4/57 HPs)
             Began as a Human Hunter on Feb 15, 2024.
             Killed from afar by Dowan (5 damage)
             ... with a puff of frost
             ... on level 4 of the Dungeon on Feb 16, 2024.
             The game lasted 00:05:03 (1778 turns).

spaghetti the Trooper (Human Hunter)                Turns: 1778, Time: 00:05:04

Health: -4/57      AC:  6    Str:  6 (9)  XL:     7   Next: 32%
Magic:  7/7        EV: 12    Int:  9 (11) God:
Gold:   88         SH:  0    Dex: 19 (21) Spells: 6/6 levels left

rFire   . . .        b - +6 spear of Exquisite Torment {elec, rN+ Dex+4}
rCold   . . .        (no shield)
rNeg    + . .        c - +1 leather armour
rPois   .            (no helmet)
rElec   .            (no cloak)
rCorr   .            (no gloves)
SInv    .            (no boots)
Will    .....        (no amulet)
Stlth   +            (no ring)
HPRegen 0.29/turn    (no ring)
MPRegen 0.10/turn

%: no passive effects
@: mighty, lethally poisoned (-4 -> -10), lit by a corona, attractive, glowing,
invisible (but backlit and visible)
A: explore regen, talons 1, iridescent scales 1, weak 1
a: no special abilities


You were on level 4 of the Dungeon.
You visited 1 branch of the dungeon, and saw 4 of its levels.
You also visited: Ossuary.

You collected 88 gold pieces.

Inventory:

Hand Weapons
 a - a +0 shortbow
 b - the +6 spear of Exquisite Torment (weapon) {elec, rN+ Dex+4}
   (You found it on level 4 of the Dungeon)

   Dex+4:     It affects your dexterity (+4).
   rN+:       It protects you from negative energy.
 e - the +6 Majin-Bo {spellvamp, MP+6 Int+6}
   (You acquired it on level 3 of the Dungeon)

   Int+6:     It affects your intelligence (+6).
   MP+6:      It affects your magic capacity (+6).
Armour
 c - a +1 leather armour (worn)
Scrolls
 i - a scroll of enchant armour
Potions
 g - a potion of enlightenment


   Skills:
 + Level 5.8 Fighting
 - Level 4.7 Staves
 - Level 4.2 Ranged Weapons
 - Level 2.0 Dodging
 - Level 1.0 Stealth


You had 6 spell levels left.
You didn't know any spells.
Your spell library was empty.

Dungeon Overview and Level Annotations

Branches:
Dungeon (4/15)            Ossuary (visited)
 Temple: D:4-7

Altars:
Zin

Shops:
D:3 ?

Annotations:
D:2 Sigmund
D:4 Dowan, Duvessa


Innate Abilities, Weirdness & Mutations

You regain HP and MP as you explore.
You have sharp toenails.
You are partially covered in iridescent scales. (AC +2)
You are weak. (Str -2)


Message History

You puncture Duvessa!
Duvessa is heavily wounded.
Dowan says, "Magic and the sword, together, will defeat you."
Dowan hits you with a +4 dagger of venom.
You are poisoned.
Duvessa hits you with a +0 short sword.
* * * LOW HITPOINT WARNING * * *
Okay, then.
You aren't carrying any items that you can evoke.
You feel better.
Dowan says, "Magic and the sword, together, will defeat you."
Dowan hits you with a +4 dagger of venom.
* * * LOW HITPOINT WARNING * * *
You are poisoned.
Duvessa hits you with a +0 short sword!
* * * LOW HITPOINT WARNING * * *
Unknown command.
Unknown command.
You closely miss Dowan. You claw Dowan!
Dowan is moderately wounded.
* * * LOW HITPOINT WARNING * * *
You feel very sick. Dowan misses you. Duvessa closely misses you.
Unknown command.
Unknown command.
Unknown command.
You closely miss Dowan. Your kick misses Dowan.
Dowan is moderately wounded.
* * * LOW HITPOINT WARNING * * *
You feel very sick. Dowan misses you. Duvessa closely misses you.
Unknown command.
Unknown command.
You hit Duvessa.
Duvessa is heavily wounded.
* * * LOW HITPOINT WARNING * * *
You feel sick. Dowan casts a spell at you. The puff of frost hits you.
You die...

### ## ###########
#.......... #..........
#######.......)..
#.............†).
########................
........................
......e@..####..........
......e..?# #..........
.......)..# #..........
..........# #..........
..........# #..........
.......>..# #..........
..........# ###########
###########


You could see Duvessa and Dowan.

Vanquished Creatures
  A weeping skull (Ossuary)
  3 water moccasin zombies (Ossuary)
  A bombardier beetle (D:3)
  A hound (D:4)
  2 spectral scorpions (Ossuary)
  2 orc wizards
  A crocodile zombie (Ossuary)
  2 mummies (Ossuary)
  2 gnolls (D:4)
  An adder (D:3)
  A shadow imp (D:3)
  2 adder zombies (Ossuary)
  4 dart slugs
  11 orcs
  An endoplasm (D:3)
  3 giant cockroaches
  11 gnoll zombies (Ossuary)
  2 goblins
  5 hobgoblins
  2 jackals (D:3)
  A kobold (D:3)
  4 quokkas
  2 ball pythons
  2 bats (D:3)
  4 frilled lizards
  4 jackal zombies (Ossuary)
  5 orc zombies (Ossuary)
  A rat (D:3)
81 creatures vanquished.

Notes
Turn   | Place    | Note
-------+----------+-------------------------------------------
     0 | D:1      | spaghetti the Human Hunter began the quest for the Orb.
     0 | D:1      | Reached XP level 1. HP: 16/16 MP: 1/1
    88 | D:2      | Noticed Sigmund
   108 | D:3      | Reached XP level 2. HP: 15/23 MP: 2/2
   169 | D:3      | Identified a scroll of acquirement
   169 | D:3      | Acquired the +6 Majin-Bo {spellvamp, MP+6 Int+6}
   169 | D:3      | Found the +6 Majin-Bo {spellvamp, MP+6 Int+6}
   183 | D:3      | Reached skill level 1 in Staves
   239 | D:3      | Reached XP level 3. HP: 21/28 MP: 3/3
   339 | D:3      | Reached XP level 4. HP: 34/34 MP: 4/4
   426 | D:3      | Found Udaog's Magic Scroll Boutique.
   793 | D:3      | Reached XP level 5. HP: 19/36 MP: 5/5
  1140 | D:4      | Found a sand-covered staircase.
  1164 | D:4      | Identified the +6 spear of Exquisite Torment {elec, rN+
                  | Dex+4}
  1175 | Ossuary  | Entered an ossuary
  1190 | Ossuary  | Noticed a weeping skull
  1198 | Ossuary  | Killed a weeping skull
  1199 | Ossuary  | Reached skill level 3 in Fighting
  1199 | Ossuary  | Reached XP level 6. HP: 47/47 MP: 6/6
  1221 | Ossuary  | Reached skill level 4 in Fighting
  1301 | Ossuary  | Reached skill level 5 in Fighting
  1301 | Ossuary  | Reached XP level 7. HP: 27/56 MP: 7/7
  1554 | Ossuary  | Gained mutation: Your body sometimes deteriorates upon
                  | taking damage. [potion of mutation]
  1555 | Ossuary  | Lost mutation: Your body sometimes deteriorates upon taking
                  | damage. [potion of mutation]
  1555 | Ossuary  | Gained mutation: You are weak. (Str -2) [potion of
                  | mutation]
  1555 | Ossuary  | Gained mutation: You have sharp toenails. [potion of
                  | mutation]
  1555 | Ossuary  | Gained mutation: You are partially covered in iridescent
                  | scales. (AC +2) [potion of mutation]
  1632 | D:4      | Found a glowing silver altar of Zin.
  1756 | D:4      | Noticed Dowan
  1758 | D:4      | Noticed Duvessa
  1778 | D:4      | HP: 1/57 [poisoned by Dowan]
  1778 | D:4      | Killed from afar by Dowan

Illustrated notes

Levels and vault maps discovered:
D:1:      orjb1_clovarrival, layout_rooms, dilly_ecumenical_altar_fadedgnrine,
          minmay_misc_feat_tiny, nrook_mini_vaults, minmay_cupped
D:2:      minmay_kobold_bridge, layout_rooms, due_unseen_surprise, uniq_robin,
          uniq_sigmund
D:3:      layout_loops_ring, serial_shops, nicolae_shop_statue_plus,
          hangedman_decor_lopped, st_stairs_11
D:4:      layout_basic, regret_index_xom_buried_treasure,
          mainiacjoe_overflow_brackets, enter_ossuary_1, sigmund_army,
          uniq_duvessa, uniq_natasha

Skill      XL: |  1  2  3  4  5  6 |
---------------+-------------------+-----
Staves         | 1 2 3 4 |  4.7
Fighting       | 3 5 |  5.8
Ranged Weapons | |  4.2
Dodging        | |  2.0
Stealth        | |  1.0

Action                     |  1- 3 |  4- 6 |  7- 9 || total
---------------------------+-------+-------+-------++-------
  Melee: Bo                |    28 |    55 |       ||    83
         Spear             |       |    57 |    65 ||   122
         Punch             |       |     2 |       ||     2
         Kick              |       |       |     5 ||     5
   Fire: Shortbow          |    37 |       |       ||    37
    Use: Scroll            |     3 |     4 |     3 ||    10
         Potion            |       |     3 |    11 ||    14
   Stab: Sleeping          |       |     3 |     1 ||     4
 Armour: Leather armour    |    29 |    71 |    41 ||   141
  Dodge: Dodged            |    37 |    71 |    33 ||   141
